 Dungeon Crawl Stone Soup version 0.19-a0-644-gd04d753 (webtiles) character file.

1137 Duffy the Chopper (level 8, -10/68 HPs)
             Began as a Ghoul Gladiator on June 14, 2016.
             Mangled by a gnoll
             ... wielding a +2 halberd of venom
              (13 damage)
             ... on level 5 of the Dungeon.
             The game lasted 00:07:06 (3945 turns).

Duffy the Chopper (Ghoul Gladiator)                 Turns: 3945, Time: 00:07:07

Health: -10/68     AC: 12    Str: 19    XL:     8   Next: 36%
Magic:  7/7        EV:  6    Int:  4    God:
Gold:   356        SH:  0    Dex: 10    Spells: 0 memorised, 7 levels left

rFire  . . .     SeeInvis .     a - +0 war axe
rCold  + . .     Gourm    .     B - +0 plate armour
rNeg   + + +     Faith    .     (no shield)
rPois  ∞         Spirit   .     c - +0 helmet
rElec  .         Dismiss  .     (no cloak)
rCorr  .         Reflect  .     (no gloves)
SustAt .         Harm     .     (no boots)
MR     .....                    (no amulet)
Stlth  ..........               (no ring)
                                (no ring)

@: very slightly contaminated, rotting, hasted, very quick, not resistant to
hostile enchantments, extremely unstealthy
A: rotting body, claws 1, carnivore 3, cold resistance 1, negative energy
resistance 3, slow regeneration 1, torment resistance, unbreathing
a: no special abilities


You were on level 5 of the Dungeon.
You were not hungry.

You visited 1 branch of the dungeon, and saw 5 of its levels.
You also visited: Ossuary.

You collected 356 gold pieces.


Innate Abilities, Weirdness & Mutations

Your body is rotting away.
You thrive on raw meat.
You are immune to poison.
You have sharp fingernails.
You are carnivorous and can eat meat at any time.
Your flesh is cold resistant. (rC+)
You are immune to negative energy. (rN+++)
You regenerate slowly when monsters are visible.
You are immune to unholy pain and torment.
You can survive without breathing.


   Skills:
 - Level 5.0 Fighting
 + Level 7.8 Axes
 - Level 1.7 Throwing
 + Level 2.7 Armour
 - Level 2.6 Dodging


You had 7 spell levels left.
You didn't know any spells.

Inventory:

Hand Weapons
 a - a +0 war axe (weapon)
Missiles
 d - 5 throwing nets (quivered)
Armour
 c - a +0 helmet (worn)
 B - a +0 plate armour (worn)
Wands
 t - a wand of digging (10/24)
 u - a wand of paralysis (9/24)
Scrolls
 i - a scroll of teleportation {unknown}
 j - 4 scrolls of identify
 k - 2 scrolls of remove curse
 q - a scroll of fear {unknown}
 r - a scroll of recharging {unknown}
 s - a scroll of blinking {unknown}
 w - a scroll of vulnerability {unknown}
 x - 4 scrolls of random uselessness {unknown}
 y - a scroll of fog {unknown}
Potions
 b - 3 potions of cancellation
 e - 2 potions of heal wounds
 h - 6 potions of curing
 m - a potion of haste
 o - 2 potions of might
 p - a potion of invisibility
 v - 2 potions of flight
 A - a potion of brilliance
Comestibles
 f - 3 meat rations
 g - 2 slices of pizza
 n - a beef jerky
 z - a royal jelly

Dungeon Overview and Level Annotations

Branches:
Dungeon (5/15)
 Temple: D:4-7

Altars:
Ashenzari
Dithmenos
Gozag
Kikubaaqudgha
Makhleb
Okawaru
Ru
Yredelemnul
Zin
The Shining One

Shops:
D:5 *


Message History

The gnoll barely misses you.
The gnoll hits you from afar with a halberd.
The gnoll hits you but does no damage. The gnoll barely misses you.
The gnoll hits you.
The gnoll hits you from afar with a halberd.
You feel yourself speed up.
You are very lightly contaminated with residual magic.
The gnoll barely misses you.
You hit the gnoll.
The gnoll is heavily wounded.
The gnoll hits you from afar with a halberd.
The gnoll closely misses you.
You closely miss the gnoll.
The gnoll is heavily wounded.
The gnoll hits you but does no damage.
You hit the gnoll.
You kill the gnoll!
You hit the gnoll.
The gnoll is severely wounded.
The gnoll barely misses you. The gnoll hits you but does no damage.
The gnoll hits you with a halberd! The gnoll hits you but does no damage.
The gnoll hits you with a halberd of venom!
You see here a gnoll corpse.
You closely miss the gnoll. x2
The gnoll is severely wounded.
You hit the gnoll but do no damage.
The gnoll is severely wounded.
You closely miss the gnoll.
The gnoll is severely wounded.
You hit the gnoll but do no damage.
The gnoll is severely wounded.
You hit the gnoll but do no damage. The gnoll barely misses you.
The gnoll completely misses you.
The gnoll hits you with a halberd of venom.
You hit the gnoll but do no damage. You hit the gnoll.
You kill the gnoll!
You closely miss the gnoll.
The gnoll is severely wounded.
The gnoll hits you but does no damage.
You slash the gnoll!
The gnoll is severely wounded.
You closely miss the gnoll.
The gnoll is severely wounded.
The gnoll hits you but does no damage.
You hit the gnoll.
The gnoll is almost dead.
You hit the gnoll.
You kill the gnoll!
The gnoll hits you with a halberd of venom!
You die...

#...# ..~...
##.!.####.
...._.
#..........
#.~...
#.)#.######
..~~~~ #..#...
....~ #..#####
#..## #..)#
###@## #.)g#
#$...)#
#.......#
....._......
#.#.......#.#
#..##..$..##...
#. ##...## .# #
##.##


You could see a gnoll.

Action                   |  1- 3 |  4- 6 |  7- 9 || total
-------------------------+-------+-------+-------++-------
Melee: War axe           |    75 |   106 |   264 ||   445
  Use: Scroll            |       |     3 |     9 ||    12
       Potion            |       |     1 |     2 ||     3
  Eat: Chunk             |     6 |     1 |    27 ||    34
Armor: Leather armour    |    12 |       |       ||    12
       Ring mail         |    14 |    30 |    12 ||    56
       Chain mail        |       |       |    76 ||    76
       Plate armour      |       |       |    58 ||    58
Dodge: Dodged            |    55 |    71 |    91 ||   217

Notes
Turn   | Place    | Note
--------------------------------------------------------------
     0 | D:1      | Duffy the Ghoul Gladiator began the quest for the Orb.
     0 | D:1      | Reached XP level 1. HP: 17/17 MP: 0/0
    68 | D:1      | Reached skill level 3 in Axes
   139 | D:1      | Reached XP level 2. HP: 19/24 MP: 1/1
   541 | D:1      | Reached XP level 3. HP: 25/28 MP: 2/2
  1037 | D:2      | Noticed a human
  1038 | D:2      | Found a runed door.
  1047 | D:2      | Found a basalt altar of Yredelemnul.
  1061 | D:2      | Killed a human
  1061 | D:2      | Reached skill level 5 in Axes
  1061 | D:2      | Reached XP level 4. HP: 20/36 MP: 3/3
  1061 | D:2      | Reached XP level 5. HP: 23/41 MP: 4/4
  1385 | D:2      | Noticed Ijyb
  1398 | D:2      | Killed Ijyb
  1457 | D:2      | Found a glowing silver altar of Zin.
  1457 | D:2      | Found a shattered altar of Ashenzari.
  1457 | D:2      | Found a glowing golden altar of the Shining One.
  1470 | D:2      | Found an iron altar of Okawaru.
  1481 | D:2      | Reached XP level 6. HP: 42/48 MP: 5/5
  1486 | D:2      | Reached skill level 6 in Axes
  1861 | D:2      | Noticed Jessica
  1874 | D:2      | Killed Jessica
  1967 | D:3      | Noticed Grinder
  1975 | D:3      | Paralysed by Grinder for 2 turns
  1986 | D:3      | Killed Grinder
  1986 | D:3      | Reached skill level 3 in Fighting
  1986 | D:3      | Reached XP level 7. HP: 42/58 MP: 6/6
  2113 | D:3      | Noticed Terence
  2123 | D:3      | Killed Terence
  2216 | D:3      | Reached skill level 4 in Fighting
  2353 | D:3      | Found a burning altar of Makhleb.
  2935 | D:4      | Reached skill level 7 in Axes
  3201 | D:4      | Found an ancient bone altar of Kikubaaqudgha.
  3228 | D:4      | Paralysed by a hobgoblin for 5 turns
  3239 | D:4      | Reached skill level 5 in Fighting
  3347 | D:4      | Reached skill level 1 in Armour
  3449 | D:4      | Found a sacrificial altar of Ru.
  3498 | D:4      | Reached XP level 8. HP: 39/68 MP: 7/7
  3607 | D:5      | Entered Level 5 of the Dungeon
  3671 | D:5      | Found a sand-covered staircase.
  3680 | D:5      | Reached skill level 2 in Armour
  3688 | Ossuary  | Entered an ossuary
  3879 | D:5      | Found Gozag's Platinum Reserve.
  3883 | D:5      | Found an opulent altar of Gozag.
  3920 | D:5      | Found a shadowy altar of Dithmenos.
  3945 | D:5      | Mangled by a gnoll

Skill      XL: |  1  2  3  4  5  6  7  8 |
---------------+-------------------------+-----
Axes           | 3 5 6 7 |  7.8
Fighting       | 3 5 |  5.0
Armour         | 1 2 |  2.7
Throwing       | |  1.7
Dodging        | |  2.6

Vault maps used:
D:1:      dpeg_arrival_court
D:2:      grunt_temple_overflow_cloverleaf, dk_yredelemnul_ordeal, uniq_jessica,
          uniq_iyjb
D:3:      lightli_temple_of_fire, first_bread, minivault_5, hex_tiny,
          uniq_terence, uniq_grinder
D:4:      marbit_many_paths, lemuel_round_altar
D:5:      lemuel_round_altar, nicolae_gozag_zags_fifth_avenue,
          lightli_ossuary_entry_decrepit_ruins, portal_sewer_entry_e
Ossuary:  ossuary_tomb_3

Vanquished Creatures
  Grinder
  A human
  An ogre
  A hound
  3 orc wizards
  A centaur skeleton Jessica Ijyb Terence
  An iguana
  5 worker ants
  2 big kobold zombies
  8 mummies
  9 gnolls
  4 adders
  An ooze
  A worm
  6 orcs
  8 bats
  6 giant cockroaches
  A gnoll zombie
  10 goblins
  6 hobgoblins
  16 jackals
  9 kobolds
  A ball python
  5 giant newts
  A hobgoblin zombie
  A jackal skeleton
  A kobold skeleton
  3 kobold zombies
  An orc zombie
  8 rats
125 creatures vanquished.
